AoeStats
← dennis.schauk

Arena

509948677Analyzed
1v1 RM · 2d ago on Sep 28, 2026· 46m 7s· 2 players
Game mode
Random Map
Map size
Tiny (2 player)
Population
200
Speed
Normal
Resources
Standard
Victory
Conquest
Starting age
Dark Age
Ending age
Imperial Age
RankedLock teamsTeams togetherTeam positionsShared explorationLock speedFull tech treeHidden civsTurbo modeCheats
Victory
Defeat
🇩🇪 Turks · Germany
511
+18
🇭🇺 Teutons · Hungary
556
-18
dennis.schauk
12:56 Feudal Age
14:14 Wheelbarrow
13:30 Double-Bit Axe
13:30 Horse Collar
14:16 Stone Mining
21:29 Castle Age
22:36 Hand Cart
22:28 Heavy Plow
22:43 Bow Saw
22:27 Gold Mining
30:56 Ballistics
31:05 Padded Archer Armor
30:56 Fletching
37:22 Imperial Age
34:45 Man-at-Arms
37:05 Leather Archer Armor
36:46 Bodkin Arrow
37:47 Heavy Camel Rider
39:08 Conscription
39:45 Elite Janissary
Aent
0:38 Loom
16:36 Feudal Age
23:19 Castle Age
22:07 Man-at-Arms
23:39 Double-Bit Axe
24:17 Scale Mail Armor
24:10 Horse Collar
26:29 Elite Skirmisher
28:00 Long Swordsman
37:46 Imperial Age
35:04 Town Watch
39:37 Chemistry
42:42 Padded Archer Armor
42:32 Fletching
Connection lost

Rejoining the realm…

Still unreachable

The connection could not be restored.

Session expired

The server has moved on; the page needs a fresh start.